AoeStats
← nisserman

Nomad

507656883Analyzed
3v3 RM · 14d ago on Sep 19, 2026· 47m 53s· 6 players
Game mode
Random Map
Map size
210×210
Population
200
Speed
Normal
Resources
Standard
Victory
Conquest
Starting age
Dark Age
Ending age
Imperial Age
RankedLock teamsTeams togetherTeam positionsShared explorationLock speedFull tech treeHidden civsTurbo modeCheats
Victory
Defeat
🇨🇳 Berbers · China
1077
+14
🇲🇽 Byzantines · Mexico
1077
+14
🇺🇸 Bulgarians · United States
1077
+14
🇺🇸 Ethiopians · United States
1055
-15
🇺🇸 Dravidians · United States
1035
-14
🇺🇸 Lithuanians · United States
1017
-13
xxltp101
5:27 Loom
16:04 Feudal Age
17:03 Town Watch
21:25 Castle Age
19:15 Double-Bit Axe
20:26 Scale Barding Armor
20:32 Forging
21:29 Bloodlines
23:38 Fletching
24:59 Bow Saw
27:13 Horse Collar
29:54 Husbandry
30:44 Bodkin Arrow
32:07 Wheelbarrow
33:09 Ballistics
32:47 Gold Mining
34:59 Hand Cart
36:02 Heavy Plow
36:43 Padded Archer Armor
39:15 Imperial Age
38:20 Chain Barding Armor
37:22 Light Cavalry
41:38 Bracer
41:01 Elite Camel Archer
42:51 Plate Barding Armor
44:00 Iron Casting
44:20 Gold Shaft Mining
43:56 Bracer
46:47 Blast Furnace
46:32 Thumb Ring
HillyMars17877
9:12 Loom
17:53 Feudal Age
19:52 Fletching
34:29 Castle Age
33:56 Stone Mining
33:59 Gold Mining
38:28 Bodkin Arrow
38:52 Treadmill Crane
40:47 Ballistics
40:36 Murder Holes
41:30 Guard Tower
41:39 Murder Holes
45:00 Horse Collar
Jersey_TitanX
4:22 Loom
13:04 Feudal Age
13:42 Double-Bit Axe
15:56 Scale Mail Armor
16:08 Forging
16:35 Arson
21:32 Castle Age
20:13 Gold Mining
22:36 Town Watch
23:45 Chain Mail Armor
24:36 Iron Casting
24:42 Wheelbarrow
25:01 Pikeman
28:04 Stone Mining
29:11 Bow Saw
30:04 Fishing Lines
30:48 Horse Collar
31:35 Fletching
31:45 Padded Archer Armor
35:16 Imperial Age
33:27 Gillnets
35:40 Gold Shaft Mining
35:41 Heavy Plow
37:19 Hand Cart
39:52 Parthian Tactics
39:29 Bodkin Arrow
39:50 Leather Archer Armor
40:07 Thumb Ring
40:04 Bracer
40:25 Heavy Cavalry Archer
44:59 Town Patrol
46:03 Elite Konnik
47:26 Husbandry
47:36 Bloodlines
walzy31
4:53 Loom
17:09 Feudal Age
18:33 Wheelbarrow
17:46 Double-Bit Axe
17:45 Horse Collar
23:19 Castle Age
21:51 Stone Mining
22:01 Gold Mining
22:57 Forging
22:55 Scale Mail Armor
23:22 Arson
24:59 Squires
25:58 Stone Shaft Mining
27:06 Iron Casting
30:55 Fletching
31:25 Chain Mail Armor
32:14 Bow Saw
35:36 Imperial Age
37:25 Blast Furnace
36:57 Plate Mail Armor
37:27 Conscription
38:56 Gold Shaft Mining
Kicka
12:04 Loom
17:43 Feudal Age
19:20 Fishing Lines
21:40 Double-Bit Axe
21:29 Man-at-Arms
31:52 Castle Age
35:44 Gillnets
41:24 Bow Saw
44:29 Fletching
44:41 Padded Archer Armor
45:57 Thumb Ring
47:42 Bodkin Arrow
nisserman
5:46 Loom
15:26 Feudal Age
20:55 Castle Age
30:50 Fletching
33:27 Bodkin Arrow
36:23 Scale Barding Armor
39:13 Wheelbarrow
41:06 Chain Barding Armor
Connection lost

Rejoining the realm…

Still unreachable

The connection could not be restored.

Session expired

The server has moved on; the page needs a fresh start.